 Dungeon Crawl Stone Soup version 0.31-a0-851-g7ff8af7976 (webtiles) character file.

Game seed: 14002625897094830528

63 BinkBink the Shield-Bearer (level 4, 0/29 HPs)
             Began as a Gargoyle Fighter on Oct 7, 2023.
             Killed from afar by Natasha (9 damage)
             ... with a magic dart
             ... on level 2 of the Dungeon.
             The game lasted 00:02:29 (1381 turns).

BinkBink the Shield-Bearer (Gargoyle Fighter)       Turns: 1381, Time: 00:02:32

Health: 0/29       AC: 10    Str: 19    XL:     4   Next: 10%
Magic:  4/4        EV:  9    Int:  9    God:
Gold:   96         SH:  4    Dex: 11    Spells: 3/3 levels left

rFire   . . .        a - +0 flail
rCold   . . .        c - +0 buckler
rNeg    + . .        b - +0 scale mail
rPois   ∞            (no helmet)
rElec   +            (no cloak)
rCorr   .            (no gloves)
SInv    +            (no boots)
Will    .....        (no amulet) Stlth
                     l - ring of see invisible
HPRegen 0.24/turn    (no ring)
MPRegen 0.09/turn

%: no passive effects
@: no status effects
A: sickness immunity, AC +3, negative energy resistance 1, electricity
resistance, torment resistance 1, petrification resistance
a: no special abilities


You were on level 2 of the Dungeon.
You visited 1 branch of the dungeon, and saw 3 of its levels.

You collected 96 gold pieces.

Inventory:

Hand Weapons
 a - a +0 flail (weapon)
Armour
 b - a +0 scale mail (worn)
 c - a +0 buckler (worn)
Jewellery
 l - a ring of see invisible (left hand)
Wands
 m - a wand of charming (5)
Scrolls
 e - 3 scrolls of identify {unknown}
 g - a scroll of noise {unknown}
 h - 2 scrolls of teleportation {unknown}
 k - 2 scrolls of brand weapon {unknown}
 n - a scroll of immolation {unknown}
Potions
 d - a potion of might
 f - a potion of haste {unknown}
 i - a potion of degeneration {unknown}
 j - a potion of heal wounds {unknown}


   Skills:
 + Level 3.6 Fighting
 + Level 2.4 Maces & Flails
 * Level 4.0 Armour
 + Level 0.2 Dodging
 * Level 4.1 Shields


You had 3 spell levels left.
You didn't know any spells.
Your spell library contained the following spells:

 Spells                   Type           Power      Damage    Failure   Level
 Hailstorm                Conj/Ice       0%         3d3       99%         3
 Summon Ice Beast         Ice/Summ       0%         N/A       100%        4
 Simulacrum               Ice/Necr       0%         N/A       100%        6


Dungeon Overview and Level Annotations

Branches:
Dungeon (3/15)

Altars:

Annotations:
D:2 Natasha
D:3 Sigmund


Innate Abilities, Weirdness & Mutations

You are immune to sickness and miasma.
Your stone body is resilient. (AC +3)
You are immune to poison.
You resist negative energy. (rN+)
You are resistant to electric shocks. (rElec)
You are resistant to unholy torment.
You are immune to petrification.


Message History

You feel yourself slow down. You block the cerulean imp's attack.
Natasha stares at you and mumbles some strange words.
You resist with some effort. Natasha claws you.
The cerulean imp hits you but does no damage.
There is a stone staircase leading up here.
Natasha casts a spell at you. You resist with some effort.
The cerulean imp hits you but does no damage.
You climb upwards.
The cerulean imp disappears in a puff of smoke!
There is a stone staircase leading down here.
You closely miss Natasha. You block Natasha's attack. Natasha claws you.
You hit Natasha but do no damage. Natasha casts a spell at you.
The magic dart hits you!
* * * LOW HITPOINT WARNING * * *
Natasha barely misses you.
You closely miss Natasha. Natasha barely misses you. Natasha misses you.
You sock Natasha!
Natasha is heavily wounded.
Natasha misses you. Natasha barely misses you.
You closely miss Natasha.
Natasha is heavily wounded.
Natasha claws you but does no damage.
Natasha mumbles some strange words.
You barely miss Natasha.
Natasha is heavily wounded.
You block Natasha's attack. You block the cerulean imp's attack.
Natasha wildly gestures.
You feel troubled. You block Natasha's attack.
The cerulean imp hits you but does no damage.
You miss Natasha.
Natasha is heavily wounded.
You feel yourself speed up.
Natasha stares at you and mumbles some strange words.
The magic dart hits you!
You die...
Natasha curls up and begins to purr.

..†##..#.......................#.
...###.....#.....................
...###...........................
#.###................%...........
#.......###......................
#........##............<.........
.........###......5.........†....
.#.......###....h...........(....
.#.......#......@..............#.
.######.......>..#.............#.
.# ##....##..#####....#...#.#...
.####....#....# ##..<....#.....
....#......##.########......#....
......###.###...............#....
#....####.#############.....#....
.......##..##### #.....#....
....##.....#...# #.....#†...


You could see Natasha and a cerulean imp (summoned).

Vanquished Creatures
  An adder (D:2)
  5 bats
  5 endoplasms
  3 giant cockroaches
  4 goblins
  6 hobgoblins
  5 quokkas
  5 ball pythons
  4 frilled lizards
  4 kobolds
  7 rats
49 creatures vanquished.

Notes
Turn   | Place    | Note
-------+----------+-------------------------------------------
     0 | D:1      | BinkBink the Gargoyle Fighter began the quest for the Orb.
     0 | D:1      | Reached XP level 1. HP: 14/14 MP: 1/1
   116 | D:1      | Reached XP level 2. HP: 8/19 MP: 2/2
   802 | D:2      | Reached XP level 3. HP: 22/23 MP: 3/3
   960 | D:2      | Found a faded altar of an unknown god.
  1256 | D:3      | Reached XP level 4. HP: 28/28 MP: 4/4
  1337 | D:3      | Noticed Sigmund
  1339 | D:3      | Noticed Natasha
  1381 | D:2      | Killed from afar by Natasha

Illustrated notes

Levels and vault maps discovered:
D:1:      eino_arrival_tree_alley, layout_loops_cross, minmay_indecisive_spiral
D:2:      layout_rooms, ebering_ecumenical_altar_ruins
D:3:      layout_loops_cross, mainiacjoe_overflow_24_doors,
          minmay_tree_intersection, uniq_sigmund, uniq_natasha

Skill      XL: |  1  2  3 |
---------------+----------+-----
Shields        | 4 |  4.1
Armour         | 4 |  4.0
Fighting       | |  3.6
Maces & Flails | |  2.4
Dodging        | |  0.2

Action                     |  1- 3 |  4- 6 || total
---------------------------+-------+-------++-------
  Melee: Flail             |   145 |    23 ||   168
 Armour: Scale mail        |   114 |    23 ||   137
  Dodge: Dodged            |    94 |    17 ||   111
  Block: Buckler           |    34 |    13 ||    47

Table legend: (Time is in decaauts)
 A = Elapsed time spent in this place.
 B = Non-inter-level travel time spent in this place.
 C = Inter-level travel time spent in this place.
 D = Time resting spent in this place.
 E = Time spent auto-exploring this place.
 F = Levels seen in this place.
 G = Mean time per level.
                   A        B        C        D        E       F      G
               +--------+--------+--------+--------+--------+-----+--------+
         Total |   1442 |   1405 |     37 |      0 |   1021 |   3 |  480.7 |
       Dungeon |   1442 |   1405 |     37 |      0 |   1021 |   3 |  480.7 |
               +--------+--------+--------+--------+--------+-----+--------+

Top non-repeatable levels by time:
     D:1: 783 daAuts
     D:2: 530 daAuts
     D:3: 128 daAuts
